 Dungeon Crawl Stone Soup version 0.29-a0-371-g91724d5b39 (webtiles) character file.

Game seed: 7402970234297072426

4 pyrow613 the Skirmisher (level 1, -1/18 HPs)
             Began as a Demigod Fighter on May 2, 2022.
             Frozen to death by an endoplasm (5 damage)
             ... on level 1 of the Dungeon.
             The game lasted 00:00:54 (76 turns).

pyrow613 the Skirmisher (Demigod Fighter)             Turns: 76, Time: 00:00:55

Health: -1/18      AC:  6    Str: 17    XL:     1   Next: 40%
Magic:  3/3        EV:  8    Int: 10    God:
Gold:   30         SH:  4    Dex: 13    Spells: 0/0 levels left

rFire   . . .      SeeInvis .   a - +0 long sword
rCold   . . .      Faith    .   c - +0 buckler
rNeg    . . .      Spirit   .   b - +0 scale mail
rPois   .          Reflect  .   (no helmet)
rElec   .          Harm     .   (no cloak)
rCorr   .          Rampage  .   (no gloves)
Will    .....                   (no boots)
Stlth   ..........              (no amulet)
HPRegen 0.06/turn               (no ring)
MPRegen 0.08/turn               (no ring)

@: no status effects
A: high MP 1, forlorn, divine attributes
a: no special abilities


You were on level 1 of the Dungeon.
You visited 1 branch of the dungeon, and saw 1 of its levels.

You collected 30 gold pieces.

Inventory:

Hand Weapons
 a - a +0 long sword (weapon)
Armour
 b - a +0 scale mail (worn)
 c - a +0 buckler (worn)
Scrolls
 e - a scroll of enchant weapon {unknown}
Potions
 d - a potion of might


   Skills:
 * Level 2.8 Fighting
 + Level 1.8 Long Blades
 + Level 2.7 Armour
 + Level 2.7 Shields


You couldn't memorise any spells.
You didn't know any spells.
Your spell library was empty.

Dungeon Overview and Level Annotations

Branches:
Dungeon (1/15)


Innate Abilities, Weirdness & Mutations

You have an increased reservoir of magic. (+10% MP)
You shall have no god before yourself.
Your divine heritage dramatically boosts your attributes as you level up.


Message History

Found a whip.
Found a stone staircase leading down.
Found a hunting sling.
You now have 30 gold pieces (gained 8).
A giant cockroach comes into view.
An endoplasm comes into view.
Found a gluggy blue potion.
You closely miss the giant cockroach.
You block the giant cockroach's attack. x2
You barely miss the giant cockroach.
The giant cockroach completely misses you.
You barely miss the giant cockroach. The giant cockroach barely misses you.
The giant cockroach bites you but does no damage.
The endoplasm hits you but does no damage.
You closely miss the giant cockroach. The giant cockroach barely misses you.
The endoplasm hits you. You block the giant cockroach's attack.
You closely miss the giant cockroach. The endoplasm freezes you.
You are frozen.
You block the giant cockroach's attack.
The endoplasm hits you but does no damage.
You closely miss the giant cockroach. The giant cockroach closely misses you.
The giant cockroach completely misses you.
The endoplasm barely misses you.
You hit the giant cockroach.
You kill the giant cockroach!
The endoplasm closely misses you. The endoplasm freezes you.
You are frozen.
You are too injured to fight recklessly!
You barely miss the endoplasm. The endoplasm freezes you.
You are frozen.
You hit the endoplasm.
The endoplasm is almost dead.
The endoplasm freezes you.
You are frozen.
* * * LOW HITPOINT WARNING * * *
You hit the endoplasm but do no damage.
The endoplasm is almost dead.
The endoplasm freezes you.
You are frozen.
You die...

#...♣♣♣♣♣
##.####......⌠.
#.........♣♣♣♣♣
########..# ♣ #..##♣♣♣
#....... ###+#######
##.##..# #..)......#
#....## ..#..†@.....#
###.## ......J......#
#.#
.............#######.#
.................)...#
.....#+#####....)#####
..... #.....# ....
#.....# ...!
#####.....#
...........#


You could see an endoplasm.

Vanquished Creatures
  A giant cockroach (D:1)
  2 goblins (D:1)
3 creatures vanquished.

Notes
Turn   | Place    | Note
-------+----------+-------------------------------------------
     0 | D:1      | pyrow613 the Demigod Fighter began the quest for the Orb.
     0 | D:1      | Reached XP level 1. HP: 18/18 MP: 3/3
    76 | D:1      | Frozen to death by an endoplasm

Illustrated notes

Levels and vault maps discovered:
D:1:      scummos_arrival_forest, layout_basic,
          ebering_ecumenical_altar_abandoned, minmay_misc_feat_ornament

Action                   || total
-------------------------++-------
Melee: Long sword        ||    13
Armor: Scale mail        ||     3
Dodge: Dodged            ||     9
Block: Buckler           ||     5

Table legend: (Time is in decaauts)
 A = Elapsed time spent in this place.
 B = Non-inter-level travel time spent in this place.
 C = Inter-level travel time spent in this place.
 D = Time resting spent in this place.
 E = Time spent auto-exploring this place.
 F = Levels seen in this place.
 G = Mean time per level.
                   A        B        C        D        E       F      G
               +--------+--------+--------+--------+--------+-----+--------+
         Total |     80 |     80 |      0 |      0 |     49 |   1 |   80.0 |
       Dungeon |     80 |     80 |      0 |      0 |     49 |   1 |   80.0 |
               +--------+--------+--------+--------+--------+-----+--------+

Top non-repeatable levels by time:
     D:1: 80 daAuts
